AoeStats
← Tomachela

Arabia

509641710Analyzed
1v1 RM · 5d ago on Sep 27, 2026· 47m 10s· 2 players
Game mode
Random Map
Map size
Tiny (2 player)
Population
200
Speed
Normal
Resources
Standard
Victory
Conquest
Starting age
Dark Age
Ending age
Imperial Age
RankedLock teamsTeams togetherTeam positionsShared explorationLock speedFull tech treeHidden civsTurbo modeCheats
Victory
Defeat
🇦🇷 Vietnamese · Argentina
668
+14
🇨🇱 Franks · Chile
634
-14
Tomachela
6:02 Loom
11:08 Feudal Age
13:17 Double-Bit Axe
18:23 Gold Mining
19:07 Scale Barding Armor
21:26 Forging
24:08 Castle Age
24:54 Husbandry
30:58 Chain Barding Armor
32:25 Iron Casting
31:51 Elite Skirmisher
40:03 Padded Archer Armor
44:34 Imperial Age
42:02 Stone Mining
45:30 Cavalier
CHAPA
3:16 Loom
11:14 Feudal Age
12:27 Gold Mining
14:48 Double-Bit Axe
14:55 Horse Collar
23:34 Castle Age
21:54 Fletching
24:18 Padded Archer Armor
24:13 Crossbowman
26:26 Squires
28:16 Wheelbarrow
28:44 Pikeman
29:45 Forging
32:16 Thumb Ring
36:53 Leather Archer Armor
37:15 Iron Casting
43:24 Imperial Age
42:04 Murder Holes
42:31 Ballistics
Connection lost

Rejoining the realm…

Still unreachable

The connection could not be restored.

Session expired

The server has moved on; the page needs a fresh start.